 Dungeon Crawl Stone Soup version 0.29.0-11-gd7f09526c8 (webtiles) character file.

Game seed: 9106458109472027456

28870 robertstho the Carver (level 13, -2/109 HPs)
             Began as a Vine Stalker Berserker on Sept 6, 2022.
             Was an Elder of Trog.
             Slain by a minotaur
             ... wielding the +8 broad axe "Femaef" {freeze, rF+ rC- rN+++ Int-3}
              (24 damage)
             ... in a Gauntlet.
             The game lasted 00:21:40 (12610 turns).

robertstho the Carver (Vine Stalker Berserker)     Turns: 12610, Time: 00:21:40

Health: -2/109     AC: 13    Str: 23    XL:     13   Next: 41%
Magic:  0/14       EV: 12    Int:  7    God:    Trog [****..]
Gold:   1378       SH:  9    Dex: 14    Spells: 12/12 levels left

rFire   + . .      SeeInvis +   w - +4 long sword of Deupt {flame, rElec rPois Str-2 SInv}
rCold   + . .      Faith    .   G - +0 kite shield
rNeg    . . .      Spirit   +   I - +2 troll leather armour {Snorg}
rPois   +          Reflect  .   m - +1 hat
rElec   +          Harm     .   k - scarf {rC+ rF+}
rCorr   .          Rampage  .   P - +3 pair of gauntlets of War {Slay+5}
Will    +....      NoTele   +   (no boots)
Stlth   ..........              v - amulet of regeneration
HPRegen 2.68/turn               (no ring)
MPRegen 0.14/turn               (no ring)

@: berserking (expiring), very quick
A: fangs 3, regeneration 1, magic shield, antimagic bite, no potion heal 2
a: Renounce Religion, Berserk, Trog's Hand, Brothers in Arms


You were in a Gauntlet.
You worshipped Trog.
Trog was greatly pleased with you.
You visited 2 branches of the dungeon, and saw 14 of its levels.
You also visited: Ossuary and Gauntlet.

You collected 1378 gold pieces.

Inventory:

Hand Weapons
 w - the +4 long sword of Deupt (weapon) {flame, rElec rPois Str-2 SInv}
   (You found it on level 4 of the Dungeon)

   It burns those it strikes, dealing additional fire damage.
   Big, fiery blades are also staple armaments of hydra-hunters.
   Str:       It affects your strength (-2).
   rElec:     It insulates you from electricity.
   rPois:     It protects you from poison.
   SInv:      It lets you see invisible.
Missiles
 E - 2 throwing nets (quivered)
Armour
 b - a +2 leather armour of fire resistance
 k - a scarf of resistance (worn)
 m - a +1 hat (worn)
 D - a +2 leather armour of cold resistance
 G - a +0 kite shield (worn)
 I - a +2 troll leather armour (worn) {Snorg}
 P - the +3 pair of gauntlets of War (worn) {Slay+5}
   (You found it in a Gauntlet)

   Slay:      It affects your accuracy & damage with ranged weapons and melee
   (+5).
Jewellery
 v - an amulet of regeneration (around neck)
 y - the ring "Yfezoel" {Fire Int+2}
   (You found it on level 2 of the Lair of Beasts)

   [ring of fire]

   It enhances your fire magic.
   Int:       It affects your intelligence (+2).
   rF:        It protects you from fire.
   rC:        It makes you vulnerable to cold.
 O - a ring of flight
Wands
 F - a wand of roots (4)
 H - a wand of light (6)
 J - a wand of paralysis (6)
 L - a wand of digging (5)
Scrolls
 a - 2 scrolls of vulnerability
 d - 3 scrolls of silence
 f - 5 scrolls of teleportation
 i - 4 scrolls of fear
 l - 3 scrolls of poison
 q - a scroll of immolation
 r - a scroll of magic mapping
 u - 2 scrolls of blinking
 z - 2 scrolls of enchant weapon
 C - a scroll of brand weapon {unknown}
 N - a scroll of fog
Potions
 c - 8 potions of curing
 e - 5 potions of lignification
 g - a potion of mutation
 h - 4 potions of resistance
 j - 2 potions of attraction {unknown}
 n - 2 potions of heal wounds {unknown}
 o - 2 potions of cancellation
 p - 2 potions of ambrosia
 s - 6 potions of might
 t - 3 potions of haste
 x - 4 potions of flight
 B - 2 potions of magic
 K - a potion of berserk rage
Miscellaneous
 M - a phantom mirror


   Skills:
 * Level 10.9 Fighting
 + Level 11.5 Long Blades
 * Level 10.3 Armour
 + Level 4.9 Dodging
 + Level 4.4 Stealth
 + Level 4.0 Shields
 + Level 5.0 Unarmed Combat


You had 12 spell levels left.
You didn't know any spells.
Your spell library was empty.

Dungeon Overview and Level Annotations

Branches:
Dungeon (11/15)            Temple (0/1) D:4            Lair (3/5) D:11
  Swamp (0/4) Lair:2          Orc (0/2) D:11        Ossuary (visited)
Gauntlet (1/1)
  Snake: Lair:2-3    Spider: Lair:2-3

Altars:
Cheibriados
Dithmenos
Gozag
Qazlal
Sif Muna
Uskayaw
Vehumet
Wu Jian
Xom
The Shining One

Annotations:
Gauntlet 12 transporters, 21 runed translucent doors, exclusion: obsidian statue


Innate Abilities, Weirdness & Mutations

You have razor-sharp teeth.
Your natural rate of healing is unusually fast.
When hurt, damage is shared between your health and your magic reserves.
Your bite disrupts and absorbs the magic of your enemies.
Potions cannot restore your health.


Message History

The minotaur blocks your ogre's attack.
The minotaur hits you with the +8 broad axe "Femaef" {freeze, rF+ rC- rN+++ Int-3}!!
The minotaur freezes you.
The minotaur hits your ogre with the +8 broad axe "Femaef" {freeze, rF+ rC- rN+++ Int-3}!
The minotaur freezes your ogre.
Your ogre dies!
Your ogre's corpse disappears in a puff of smoke!
The minotaur gores you but does no damage.
The minotaur blocks your attack.
You bite the minotaur, but do no damage.
The minotaur is moderately wounded.
The minotaur blocks your attack.
The brown ugly thing gurgles horribly!
The minotaur blocks your attack.
The minotaur is moderately wounded.
The minotaur hits you with the +8 broad axe "Femaef" {freeze, rF+ rC- rN+++ Int-3}!!
The minotaur freezes you. The minotaur gores you!
* * * LOW HITPOINT WARNING * * *
You hit the minotaur.
The minotaur is moderately wounded.
The minotaur misses you. The minotaur gores you!
* * * LOW HITPOINT WARNING * * *
The minotaur blocks your attack.
The minotaur is moderately wounded.
You barely miss the minotaur. The minotaur blocks your attack.
The minotaur is moderately wounded.
The minotaur closely misses you.
The minotaur gores you but does no damage.
You slice the minotaur!! You burn the minotaur.
The minotaur is heavily wounded.
The minotaur hits you with the +8 broad axe "Femaef" {freeze, rF+ rC- rN+++ Int-3}.
* * * LOW HITPOINT WARNING * * *
The minotaur gores you!
* * * LOW HITPOINT WARNING * * *
The minotaur blocks your attack.
The minotaur is heavily wounded.
The minotaur blocks your attack.
The minotaur is heavily wounded.
The minotaur hits you with the +8 broad axe "Femaef" {freeze, rF+ rC- rN+++ Int-3}!!
You die...

###...#.#.#..#+++#..#.#.##...##.#
#...###Z#.#.........#.#u#.....#.#
.[=©?...#.#..*333|..#.#u.?=©?...#
#########.###########.###########
.................................
....................§∩≈..........
#################################
#8# #8# #8##§.[.............≈##8
### ### ####8..@.©.©.©.©.©..8###
#≈..H............≈#
###.#.#######.#.### #.#..H ..#.#
#.#.##. #.... . #.#.. #. ..#


You could see a minotaur (reflecting), a wretched star, 2 ugly things and 3
neqoxecs.

Vanquished Creatures
  The ghost of browni3141 the Carver, a journeyman FoFE of Cheibriados (Lair:2)
  Snorg (D:10)
  Harold (D:10)
  3 two-headed ogres
  3 death yaks (D:11)
  A flayed ghost (D:11)
  Pikel (D:9)
  An ice statue (Gauntlet)
  A torpor snail (Lair:2)
  A black mamba (Lair:1)
  3 cane toads
  An unseen horror (D:10)
  Psyche (D:8)
  Maggie (D:10)
  3 komodo dragons
  A kobold demonologist (D:10)
  A hellwing (Gauntlet)
  5 rime drakes
  A troll (D:9)
  Grinder (D:5)
  3 polar bears (Lair:1)
  3 blink frogs (Lair:2)
  6 slime creatures (D:11)
  4 dream sheep (Lair:2)
  5 shadows
  Sigmund (D:4)
  A wraith (D:9)
  27 yaks
  A wyvern (D:9)
  A basilisk (Lair:1)
  A steam dragon (Lair:1)
  6 vampire mosquitoes (Lair:2)
  Edmund (D:5)
  5 water moccasins
  2 orc warriors
  A swamp drake (D:11)
  A sky beast (D:7)
  7 ogres
  A black mamba simulacrum (Lair:2)
  3 ice beasts
  8 black bears
  3 centaurs
  9 wolves (Lair:1)
  5 kobold brigands
  2 elf zombies (Ossuary)
  6 bullfrogs
  Blork the orc (D:4)
  2 gnoll sergeants
  2 scorpions (D:6)
  2 necrophages
  A cane toad simulacrum (Lair:2)
  5 wights (D:8)
  14 killer bees
  A rime drake simulacrum (Lair:2)
  3 howler monkeys (D:10)
  A human zombie (Ossuary)
  A jelly (D:7)
  A wyvern simulacrum (Lair:2)
  2 centaur zombies (Ossuary)
  A komodo dragon simulacrum (Lair:2)
  6 hounds
  4 orc priests
  2 gnoll boudas (D:6)
  3 iguanas
  5 orc wizards
  2 hell rats (D:11)
  A polar bear simulacrum (Lair:2)
  A yak simulacrum (Lair:2)
  A hound zombie (Ossuary)
  3 mummies (Ossuary)
  13 gnolls
  4 adders
  A river rat (D:11)
  3 shadow imps
  An adder zombie (Ossuary)
  2 worms
  5 dart slugs
  30 orcs
  6 endoplasms
  3 giant cockroaches
  10 goblins
  4 hobgoblins (D:1)
  A jackal (D:4)
  30 kobolds
  4 quokkas
  9 ball pythons
  4 bats
  4 frilled lizards
  A gnoll zombie (Ossuary)
  6 goblin zombies (Ossuary)
  4 hobgoblin zombies (Ossuary)
  3 jackal zombies (Ossuary)
  8 kobold zombies (Ossuary)
  An orc zombie (Ossuary)
  2 quokka zombies (Ossuary)
  5 rats
  5 rat zombies (Ossuary)
379 creatures vanquished.

Vanquished Creatures (collateral kills)
  Lodul (D:10)
  An ogre (D:10)
2 creatures vanquished.

Vanquished Creatures (others)
  A fungus (Lair:2)
  9 plants
10 creatures vanquished.

Grand Total: 391 creatures vanquished

Notes
Turn   | Place    | Note
-------+----------+-------------------------------------------
     0 | D:1      | robertstho the Vine Stalker Berserker began the quest for
                  | the Orb.
     0 | D:1      | Reached XP level 1. HP: 11/11 MP: 2/2
   121 | D:1      | Reached XP level 2. HP: 5/16 MP: 0/3
   701 | D:1      | Reached XP level 3. HP: 18/20 MP: 4/4
  1052 | D:2      | Reached ** piety under Trog
  1185 | D:2      | Found a radiant altar of Vehumet.
  1339 | D:2      | Found a faded altar of an unknown god.
  2916 | D:4      | Noticed Blork the orc
  2926 | D:4      | Killed Blork the orc
  2927 | D:4      | Reached skill level 1 in Stealth
  2927 | D:4      | Gained mutation: Your natural rate of healing is unusually
                  | fast. [Vine Stalker growth]
  2927 | D:4      | Reached XP level 4. HP: 8/24 MP: 1/5
  2927 | D:4      | Reached XP level 5. HP: 10/28 MP: 1/6
  2928 | D:4      | Identified the +4 long sword of Deupt {flame, rElec rPois
                  | Str-2 SInv}
  2983 | D:4      | Noticed Sigmund
  2992 | D:4      | Killed Sigmund
  2993 | D:4      | Reached XP level 6. HP: 33/33 MP: 5/7
  3038 | D:4      | Found a shimmering altar of Xom.
  3094 | D:4      | Found a staircase to the Ecumenical Temple.
  3393 | D:4      | Reached skill level 1 in Long Blades
  3393 | D:4      | Reached skill level 5 in Unarmed Combat
  3738 | D:5      | Entered Level 5 of the Dungeon
  3751 | D:5      | Reached XP level 7. HP: 37/37 MP: 8/8
  3829 | D:5      | Found a snail-covered altar of Cheibriados.
  3836 | D:5      | Found a radiant altar of Vehumet.
  3842 | D:5      | Found a shadowy altar of Dithmenos.
  3850 | D:5      | Found a stormy altar of Qazlal.
  3855 | D:5      | Found a glowing golden altar of the Shining One.
  3863 | D:5      | Found a shimmering blue altar of Sif Muna.
  3868 | D:5      | Found a hide-covered altar of Uskayaw.
  3917 | D:5      | Noticed Edmund
  3925 | D:5      | Killed Edmund
  3926 | D:5      | Reached skill level 2 in Long Blades
  3944 | D:5      | Noticed Grinder
  3978 | D:5      | Killed Grinder
  3979 | D:5      | Reached skill level 3 in Long Blades
  4004 | D:5      | Found a sand-covered staircase.
  4009 | Ossuary  | Entered an ossuary
  4034 | Ossuary  | Gained mutation: You have razor-sharp teeth. [Vine Stalker
                  | growth]
  4034 | Ossuary  | Reached XP level 8. HP: 42/42 MP: 9/9
  4182 | Ossuary  | Reached *** piety under Trog
  4223 | Ossuary  | Reached skill level 4 in Long Blades
  4299 | Ossuary  | Reached skill level 5 in Fighting
  4568 | D:5      | Found an opulent altar of Gozag.
  4602 | D:5      | Found an ornate altar of the Wu Jian Council.
  4602 | D:5      | Found the necklace of Bloodlust {*Rage Will++ Int-3 Slay+6}
  4801 | D:6      | Reached skill level 5 in Long Blades
  4956 | D:6      | Reached XP level 9. HP: 47/47 MP: 10/10
  5058 | D:6      | Reached skill level 6 in Long Blades
  5324 | D:7      | Reached skill level 5 in Armour
  5654 | D:7      | Reached **** piety under Trog
  5655 | D:7      | Reached skill level 7 in Long Blades
  6074 | D:8      | Identified the +0 war axe "Purch" {pain, rElec Will++}
  6091 | D:8      | Noticed Psyche
  6098 | D:8      | Killed Psyche
  6099 | D:8      | Reached XP level 10. HP: 53/53 MP: 8/11
  6262 | D:8      | HP: 3/70 [wight/+0 flail (7)]
  6831 | D:9      | Noticed Pikel
  6844 | D:9      | Reached skill level 8 in Long Blades
  6845 | D:9      | Killed Pikel
  7439 | D:9      | Noticed a two-headed ogre
  7445 | D:9      | Killed a two-headed ogre
  7446 | D:9      | Reached XP level 11. HP: 59/60 MP: 8/12
  7741 | D:10     | Entered Level 10 of the Dungeon
  7741 | D:10     | Noticed Harold
  7756 | D:10     | Killed Harold
  7757 | D:10     | Reached skill level 9 in Long Blades
  7857 | D:10     | Noticed Maggie
  7873 | D:10     | Killed Maggie
  7896 | D:10     | Noticed Lodul
  7902 | D:10     | Killed Lodul
  8243 | D:10     | Noticed a two-headed ogre
  8252 | D:10     | Killed a two-headed ogre
  8395 | D:10     | Noticed Snorg
  8404 | D:10     | Killed Snorg
  8654 | D:11     | Noticed a death yak
  8656 | D:11     | Noticed a two-headed ogre
  8658 | D:11     | Noticed a death yak
  8658 | D:11     | Noticed a death yak
  8665 | D:11     | Killed a death yak
  8669 | D:11     | Killed a death yak
  8670 | D:11     | Reached skill level 10 in Long Blades
  8673 | D:11     | Killed a death yak
  8677 | D:11     | Killed a two-headed ogre
  8678 | D:11     | Reached XP level 12. HP: 20/66 MP: 13/13
  8684 | D:11     | Found a staircase to the Lair.
  9182 | D:11     | Reached skill level 1 in Shields
  9347 | D:11     | Found a staircase to the Orcish Mines.
  9623 | Lair:1   | Entered Level 1 of the Lair of Beasts
 10166 | Lair:1   | Reached ***** piety under Trog
 10167 | Lair:1   | Reached skill level 10 in Fighting
 10183 | Lair:1   | Reached skill level 10 in Armour
 10237 | Lair:1   | Received a gift from Trog
 10251 | Lair:1   | Reached skill level 11 in Long Blades
 11020 | Lair:2   | Found a runed translucent gate.
 11020 | Lair:2   | Found a runed translucent gate.
 11022 | Lair:2   | Found a runed translucent gate.
 11264 | Lair:2   | Reached XP level 13. HP: 16/72 MP: 11/14
 11396 | Lair:2   | Found a staircase to the Swamp.
 11587 | Lair:2   | Noticed browni3141's ghost (journeyman FoFE)
 11956 | Lair:2   | Killed browni3141's ghost
 12013 | Lair:2   | Got the ring "Yfezoel" {Fire Int+2}
 12092 | Lair:3   | Found a gate leading to a gauntlet.
 12100 | Gauntlet | Entered a Gauntlet
 12100 | Gauntlet | Found a transporter.
 12110 | Gauntlet | Found a transporter.
 12125 | Gauntlet | Found a transporter.
 12128 | Gauntlet | Noticed a great orb of eyes
 12130 | Gauntlet | Found a transporter.
 12145 | Gauntlet | Found a transporter.
 12164 | Gauntlet | Found a transporter.
 12176 | Gauntlet | Found a transporter.
 12184 | Gauntlet | Found a large runed translucent door.
 12185 | Gauntlet | Found a large runed translucent door.
 12186 | Gauntlet | Found a large runed translucent door.
 12186 | Gauntlet | Found a large runed translucent door.
 12187 | Gauntlet | Found a runed translucent gate.
 12188 | Gauntlet | Found a transporter.
 12188 | Gauntlet | Found a runed translucent gate.
 12189 | Gauntlet | Found a runed translucent gate.
 12190 | Gauntlet | Found a large runed translucent door.
 12190 | Gauntlet | Found a large runed translucent door.
 12191 | Gauntlet | Found a large runed translucent door.
 12192 | Gauntlet | Found a large runed translucent door.
 12200 | Gauntlet | Found a transporter.
 12210 | Gauntlet | Found the +3 pair of gauntlets of War {Slay+5}
 12212 | Gauntlet | Found a transporter.
 12213 | Gauntlet | Noticed a reaper
 12229 | Gauntlet | Found a transporter.
 12229 | Gauntlet | Found a transporter.
 12245 | Gauntlet | Found a large runed translucent door.
 12245 | Gauntlet | Found a large runed translucent door.
 12245 | Gauntlet | Found a runed translucent door.
 12245 | Gauntlet | Found a runed translucent door.
 12246 | Gauntlet | Found a large runed translucent door.
 12247 | Gauntlet | Found a large runed translucent door.
 12249 | Gauntlet | Found a transporter.
 12265 | Gauntlet | Found a large runed translucent door.
 12265 | Gauntlet | Found a large runed translucent door.
 12266 | Gauntlet | Found a large runed translucent door.
 12267 | Gauntlet | Found a large runed translucent door.
 12271 | Gauntlet | Found a transporter.
 12295 | Gauntlet | Found a transporter.
 12372 | Gauntlet | Found a transporter.
 12399 | Gauntlet | Found a transporter.
 12399 | Gauntlet | Found a transporter.
 12587 | Gauntlet | Identified the +8 broad axe "Femaef" {freeze, rF+ rC- rN+++
                  | Int-3}
 12587 | Gauntlet | Identified the ring of Bofopt {rN+ rCorr MP+9 Int-5 Dex+5}
 12587 | Gauntlet | Noticed a minotaur
 12610 | Gauntlet | Slain by a minotaur

Illustrated notes

Levels and vault maps discovered:
D:1:      spicycebolla_arrival_clurvy, layout_basic
D:2:      layout_basic, basic_altar, basic_ecumenical_altar, item_on_display_b
D:3:      layout_loops_ring
D:4:      minmay_polygon_palace, layout_basic, xom_butterflies,
          minmay_temple_entry_large_hall, uniq_sigmund, uniq_blork_the_orc
D:5:      layout_rooms, grunt_temple_overflow_octagram,
          mainiacjoe_overflow_two_lobes, nicolae_ossuary_entry_false_entrances,
          uniq_edmund, uniq_grinder
D:6:      minmay_skewed_foursquare, layout_basic, nicolae_elevator_lobby_plus
D:7:      layout_rooms, minmay_stone_trees_small, minivault_4
D:8:      layout_gridville, uniq_psyche
D:9:      layout_long_grid, uniq_pikel
D:10:     layout_loops_cross, serial_glass, glass_columns_a, glass_columns_b,
          item_on_display_a, feat_on_display, item_on_display_a, uniq_harold,
          uniq_lodul, uniq_snorg, uniq_maggie
D:11:     layout_cave_pools, dpeg_lair_monsters, erik_orc_1,
          roderic_serpentine_path, kennysheep_just_a_vault
Lair:1:   beast_lair_carwin_large_1, layout_cave_pods
Lair:2:   layout_cave_pods, minmay_swamp_entry_swarm, gammafunk_ghost_icy
Lair:3:   layout_hall_layers, hellmonk_spider_entry_life_and_decay,
          gauntlet_entry_generic, minmay_lair_oklob_bushes,
          serial_bayou_lagoon_a, infiniplex_staircase_pool, lemuel_fruit_fields
Gauntlet: gammafunk_gauntlet_one_two_three [gammafunk_gauntlet_arena_teeth,
          gammafunk_gauntlet_arena_corners, nicolae_gauntlet_arena_blocks,
          nicolae_gauntlet_arena_quarters, nicolae_gauntlet_arena_grate_2,
          minmay_gauntlet_arena_make_your_own_arena,
          gammafunk_gauntlet_arena_split_x, nicolae_gauntlet_arena_t_cross,
          gammafunk_gauntlet_arena_split_diamond,
          nicolae_gauntlet_exit_dead_adventurers]

Skill      XL: |  1  2  3  4  5  6  7  8  9 10 11 12 13 |
---------------+----------------------------------------+-----
Fighting       | 3 4 5 6 7 9 10 | 10.9
Armour         | 2 3 4 5 7 9 10 | 10.3
Stealth        | 1 2 3 4 |  4.4
Unarmed Combat | 4 5 |  5.0
Dodging        | 2 3 4 |  4.9
Long Blades    | 1 3 5 7 8 10 11 | 11.5
Shields        | 3 4 |  4.0

Action                   |  1- 3 |  4- 6 |  7- 9 | 10-12 | 13-15 || total
-------------------------+-------+-------+-------+-------+-------++-------
Melee: Unarmed           |   110 |       |       |       |       ||   110
       Bite              |    29 |     9 |    70 |   187 |    56 ||   351
       Punch             |     2 |     1 |    10 |    12 |       ||    25
       Long sword        |       |    44 |   255 |   551 |   161 ||  1011
Invok: Berserk           |     3 |     2 |     6 |    16 |     5 ||    32
       Brothers in Arms  |       |       |       |     2 |     1 ||     3
Evoke: Wand              |       |       |       |     1 |       ||     1
  Use: Scroll            |       |     7 |    10 |    12 |       ||    29
       Potion            |       |       |       |       |     2 ||     2
 Stab: Sleeping          |     3 |       |     1 |     1 |       ||     5
       Invisible         |       |       |       |       |     4 ||     4
Armor: Animal skin       |    16 |    10 |     1 |       |       ||    27
       Chain mail        |       |       |   137 |   116 |       ||   253
       Troll leather arm |       |       |       |   122 |    26 ||   148
Dodge: Dodged            |    57 |    44 |   120 |   316 |    70 ||   607
Block: Kite shield       |       |       |       |   186 |    52 ||   238
